 Dungeon Crawl Stone Soup version 0.26.0-9-gab577f9fc5 (webtiles) character file.

Game seed: 34002683806356013

247 FreshCat the Covert (level 5, 0/27 HPs)
             Began as a Felid Delver on Jan 13, 2021.
             Slain by an adder skeleton (1 damage)
             ... on level 4 of the Dungeon.
             The game lasted 00:23:21 (5386 turns).

FreshCat the Covert (Felid Delver)                  Turns: 5386, Time: 00:23:22

Health: 0/27       AC:  1    Str: 15    XL:     5   Next: 85%
Magic:  6/6        EV: 20    Int: 11    God:
Gold:   161        SH:  0    Dex: 18    Spells: 4/4 levels left
                                        Lives:  0   Deaths: 1

rFire    + . .     SeeInvis +     - Unarmed
rCold    + . .     Faith    .   (shield unavailable)
rNeg     . . .     Spirit   .   (armour unavailable)
rPois    .         Reflect  .   (helmet unavailable)
rElec    .         Harm     .   (cloak unavailable)
rCorr    .         Rampage  .   (gloves unavailable)
Will     .....                  (boots unavailable)
Stlth    +++++.....             (no amulet)
HPRegen  0.09/turn              d - +6 ring of strength
MPRegen  0.10/turn              (no ring)

@: quick
A: very small, no armour, no weapons or thrown items, stealth, claws 1, fangs 3,
see invisible, cold resistance 1, fire resistance 1, speed 1, robust 1, shaggy
fur 1, wild magic 1, sharp paws
a: no special abilities


You were on level 4 of the Dungeon.
You visited 1 branch of the dungeon, and saw 5 of its levels.

You collected 161 gold pieces.

Inventory:

Jewellery
 d - a +6 ring of strength (left paw)
 s - a cursed ring of teleportation {unknown}
Wands
 e - a wand of digging (3)
 p - a wand of polymorph (4)
Scrolls
 a - 5 scrolls of fog
 b - 2 scrolls of magic mapping
 g - a scroll of noise
 j - a scroll of immolation
 l - 2 scrolls of enchant armour
 o - a scroll of remove curse
Potions
 h - a potion of resistance {unknown}
 m - a potion of lignification {unknown}
 n - a potion of degeneration {unknown}
 q - a potion of heal wounds {unknown}


   Skills:
 * Level 3.7 Fighting
 + Level 4.2 Dodging
 + Level 8.7 Stealth
 + Level 3.9 Unarmed Combat
 + Level 0.1 Evocations


You had 4 spell levels left.
You didn't know any spells.
Your spell library was empty.

Dungeon Overview and Level Annotations

Branches:
Dungeon (5/15)
 Temple: D:4-7

Altars:

Annotations:
D:5 Grinder


Innate Abilities, Weirdness & Mutations

You cannot wear armour.
You are incapable of wielding weapons or throwing items.
Your paws allow you to move quietly. (Stealth)
You have sharp claws.
You have razor-sharp teeth.
You have supernaturally acute eyesight. (SInv)
You cover ground quickly.
You are covered in fur. (AC +1)
Your sharp claws are effective at attacking unaware monsters.
Your flesh is cold resistant. (rC+)
Your flesh is heat resistant. (rF+)
You are robust. (+10% HP)
Your spells are a little harder to cast, but a little more powerful.


Message History

It is a scroll of enchant weapon.
You aren't carrying any weapons that can be enchanted.
The gnoll barely misses you. The ball python closely misses you. x2
The gnoll closely misses you.
The gnoll is no longer moving quickly.
As you read the scroll labelled HISHEUL ISAEL, it crumbles to dust.
Your paws glow brilliant indigo for a moment.
It was a scroll of random uselessness.
The gnoll misses you. The ball python misses you.
The ball python completely misses you.
Blink to where?
Press: ? - help, Dir - move target, p - gnoll shaman
As you read the scroll labelled HYUZIYTHECEPH, it crumbles to dust.
It was a scroll of blinking.
The gnoll shaman closely misses you.
Okay, then.
As you read the scroll of fog, it crumbles to dust.
The scroll dissolves into smoke.
The gnoll hits you from afar with a +0 spear!
* * * LOW HITPOINT WARNING * * *
The adder skeleton bites you.
You die...

#.# #.# #.# ### #.# #.#
#.# ##########.##### #.#
#......g.......# #.#
#....§.S...h§§.# #.#
#........§§§§§.# #g#
#........gZ@§§.# #.#
##########g##### #g#
##########§########## #.#
#................(..# #.#
#.##........g.......#
#g####.##................#
#......##................#
#####.g##.......##.#######
#####..##.......##.#


You could see a gnoll shaman, a hound, 2 gnolls and an adder skeleton.

Vanquished Creatures
  2 howler monkeys (D:4)
  A worker ant (D:4)
  5 gnolls
  4 adders
  2 white imps
  2 oozes
  2 worms
  4 dart slugs
  3 leopard geckos
  9 orcs
  A ball python (D:3)
  3 giant cockroaches
  4 goblins
  4 hobgoblins
  7 jackals
  3 quokkas
  8 bats
  4 frilled lizards
  9 kobolds
  7 rats
84 creatures vanquished.

Vanquished Creatures (others)
  18 plants
  4 withered plants (D:4)
22 creatures vanquished.

Grand Total: 106 creatures vanquished

Notes
Turn   | Place    | Note
-------+----------+-------------------------------------------
     0 | D:5      | FreshCat the Felid Delver began the quest for the Orb.
     0 | D:5      | Reached XP level 1. HP: 10/10 MP: 2/2
    36 | D:5      | Noticed Grinder
   130 | D:5      | Reached skill level 7 in Stealth
   130 | D:5      | Reached XP level 2. HP: 13/14 MP: 3/3
   853 | D:3      | Reached XP level 3. HP: 17/17 MP: 4/4
   975 | D:3      | Noticed an ogre
  2146 | D:2      | Reached XP level 4. HP: 13/21 MP: 5/5
  2888 | D:3      | Reached skill level 8 in Stealth
  2980 | D:4      | Slain by a gnoll
  2981 | D:4      | Reached XP level 3. HP: 0/17 MP: 4/4
  3059 | D:3      | Gained mutation: Your spells are a little harder to cast,
                  | but a little more powerful. [potion of mutation]
  3059 | D:3      | Gained mutation: Your flesh is cold resistant. (rC+)
                  | [potion of mutation]
  3059 | D:3      | Gained mutation: Your flesh is heat resistant. (rF+)
                  | [potion of mutation]
  3059 | D:3      | Gained mutation: You are robust. (+10% HP) [potion of
                  | mutation]
  3327 | D:3      | Reached XP level 4. HP: 17/23 MP: 5/5
  4284 | D:4      | Reached XP level 5. HP: 20/26 MP: 6/6
  5386 | D:4      | HP: 1/27 [gnoll/+0 spear (7)]
  5386 | D:4      | Slain by an adder skeleton

Illustrated notes

Levels and vault maps discovered:
D:1:      dpeg_chamrin_arrival_tetris, layout_basic
D:2:      layout_rooms
D:3:      layout_rooms
D:4:      layout_basic, grunt_temple_overflow_growth_and_decay
D:5:      layout_basic, serial_bayou_lagoon_a, uniq_grinder, uniq_duvessa,
          uniq_blork_the_orc

Skill      XL: |  1  2  3  4  5 |
---------------+----------------+-----
Stealth        | 7 8 |  8.7
Dodging        | 3 4 |  4.2
Unarmed Combat | 3 |  3.9
Fighting       | |  3.7
Evocations     | |  0.1

Action                   |  1- 3 |  4- 6 || total
-------------------------+-------+-------++-------
Melee: Unarmed           |   136 |   143 ||   279
       Bite              |     8 |    18 ||    26
       Punch             |     2 |     3 ||     5
Evoke: Wand              |       |     6 ||     6
  Use: Scroll            |     3 |     9 ||    12
       Potion            |     2 |     2 ||     4
 Stab: Sleeping          |    12 |     9 ||    21
Armor: Skin              |     9 |     2 ||    11
Dodge: Dodged            |   109 |   127 ||   236
